AoeStats
← theforceofg

Black Forest

508777372Analyzed
2v2 RM · 8d ago on Sep 24, 2026· 70m 39s· 4 players
Game mode
Random Map
Map size
Medium (4 player)
Population
200
Speed
Normal
Resources
Standard
Victory
Conquest
Starting age
Dark Age
Ending age
Imperial Age
RankedLock teamsTeams togetherTeam positionsShared explorationLock speedFull tech treeHidden civsTurbo modeCheats
Victory
Defeat
🇨🇱 Mongols · Chile
766
+18
🇨🇱 Franks · Chile
756
+18
🇺🇸 Gurjaras · United States
817
-18
🇺🇸 Byzantines · United States
799
-18
Dani
12:53 Feudal Age
18:07 Castle Age
15:56 Horse Collar
17:08 Stone Mining
17:15 Gold Mining
21:13 Squires
24:57 Fletching
26:38 Bodkin Arrow
26:43 Padded Archer Armor
27:55 Husbandry
28:06 Bloodlines
29:46 Thumb Ring
30:03 Loom
30:10 Double-Bit Axe
31:41 Pikeman
33:06 Ballistics
33:33 Heavy Plow
33:33 Light Cavalry
34:52 Murder Holes
37:00 Wheelbarrow
43:08 Imperial Age
40:56 Hand Cart
40:59 Padded Archer Armor
43:11 Elite Mangudai
47:00 Hussar
48:14 Bow Saw
50:26 Drill
50:06 Nomads
50:30 Conscription
53:24 Chemistry
52:35 Masonry
52:54 Parthian Tactics
67:27 Caravan
67:31 Bracer
67:47 Leather Archer Armor
67:43 Forging
67:33 Scale Mail Armor
67:38 Scale Barding Armor
67:49 Siege Engineers
67:13 Heavy Cavalry Archer
67:15 Elite Skirmisher
67:16 Crossbowman
Enri
14:56 Feudal Age
13:45 Loom
15:21 Double-Bit Axe
21:44 Castle Age
22:48 Bow Saw
31:39 Stone Mining
31:47 Gold Mining
34:34 Imperial Age
32:30 Husbandry
32:47 Forging
34:30 Wheelbarrow
35:44 Gold Shaft Mining
35:24 Town Watch
35:03 Cavalier
36:45 Hand Cart
36:50 Scale Barding Armor
37:21 Iron Casting
37:18 Town Patrol
37:53 Siege Engineers
38:49 Chemistry
39:06 Caravan
38:45 Paladin
40:13 Chain Barding Armor
40:56 Blast Furnace
40:27 Chain Barding Armor
41:22 Chivalry
44:39 Elite Throwing Axeman
45:13 Fletching
45:24 Padded Archer Armor
46:05 Plate Barding Armor
46:57 Conscription
49:30 Bodkin Arrow
51:56 Leather Archer Armor
56:40 Pikeman
noahubert
1:03 Loom
15:58 Feudal Age
19:16 Double-Bit Axe
23:59 Castle Age
25:55 Pikeman
32:51 Wheelbarrow
37:31 Imperial Age
35:20 Stone Mining
36:36 Hand Cart
36:39 Forging
37:52 Gambesons
38:59 Bow Saw
41:32 Two-Man Saw
40:19 Elite Skirmisher
42:14 Chemistry
41:12 Fletching
43:50 Thumb Ring
43:54 Halberdier
45:43 Iron Casting
46:42 Conscription
56:54 Heavy Cavalry Archer
theforceofg
0:28 Loom
13:22 Feudal Age
14:20 Double-Bit Axe
17:53 Forging
23:23 Castle Age
22:10 Bloodlines
22:17 Gold Mining
23:17 Fletching
27:56 Padded Archer Armor
27:55 Bodkin Arrow
28:48 Town Watch
28:54 Elite Skirmisher
30:29 Stone Mining
30:54 Bow Saw
37:16 Imperial Age
36:14 Thumb Ring
37:56 Wheelbarrow
38:04 Ballistics
39:40 Bracer
39:56 Leather Archer Armor
40:17 Conscription
40:21 Kshatriyas
39:50 Crossbowman
41:04 Horse Collar
42:23 Scale Barding Armor
42:28 Heavy Plow
44:05 Hand Cart
45:39 Chemistry
46:07 Iron Casting
47:28 Chain Barding Armor
47:06 Murder Holes
47:28 Fortified Wall
46:57 Heavy Camel Rider
50:09 Crop Rotation
49:45 Caravan
52:27 Husbandry
54:15 Plate Barding Armor
64:45 Hoardings
65:10 Frontier Guards
Connection lost

Rejoining the realm…

Still unreachable

The connection could not be restored.

Session expired

The server has moved on; the page needs a fresh start.